 Dungeon Crawl Stone Soup version 0.25-a0-700-g7f8a797 (webtiles) character file.

Game seed: 3306160823820121515, levelgen mode: deterministic

182 BlueFish the Ruffian (level 5, -2/46 HPs)
             Began as a Ghoul Monk on Apr 2, 2020.
             Slain by an orc wizard
             ... wielding a +0 dagger
              (3 damage)
             ... on level 4 of the Dungeon.
             The game lasted 00:04:33 (2474 turns).

BlueFish the Ruffian (Ghoul Monk)                   Turns: 2474, Time: 00:04:34

Health: -2/46      AC:  2    Str: 16    XL:     5   Next: 62%
Magic:  0/13       EV: 13    Int:  5    God:
Gold:   115        SH:  0    Dex: 11    Spells: 4/4 levels left

rFire    . . .     SeeInvis .     - Unarmed
rCold    + . .     Gourm    .   (no shield)
rNeg     + + +     Faith    .   e - +0 robe (curse)
rPois    ∞         Spirit   +   (no helmet)
rElec    .         Reflect  .   (no cloak)
rCorr    .         Harm     .   (no gloves)
MR       .....                  (no boots)
Stlth    ++........             p - amulet of guardian spirit
HPRegen  0.00/turn              w - ring of magical power
MPRegen  0.13/turn              (no ring)

@: rotting
A: rotting body, claws 1, carnivore, cold resistance 1, negative energy
resistance 3, inhibited regeneration, torment resistance, unbreathing
a: no special abilities


You were on level 4 of the Dungeon.
You were not hungry.

You visited 1 branch of the dungeon, and saw 4 of its levels.

You collected 115 gold pieces.

Inventory:

Armour
 a - a +1 robe
 e - a cursed +0 robe (worn)
Jewellery
 p - an amulet of guardian spirit (around neck)
 w - a ring of magical power (left claw)
Scrolls
 l - a scroll of immolation {unknown}
 m - 2 scrolls of enchant armour
 o - 5 scrolls of teleportation
 q - 2 scrolls of identify {unknown}
 r - a scroll of random uselessness {unknown}
 u - a scroll of remove curse
 v - 2 scrolls of amnesia {unknown}
Potions
 c - 2 potions of haste {unknown}
 d - a potion of curing {unknown}
 f - 2 potions of flight {unknown}
 g - a potion of heal wounds {unknown}
 h - 2 potions of brilliance {unknown}
 j - a potion of berserk rage {unknown}
 k - 2 potions of lignification {unknown}
 n - 2 potions of invisibility {unknown}
 s - a potion of cancellation {unknown}
 t - a potion of degeneration {unknown}
Comestibles
 b - 10 rations


   Skills:
 * Level 4.1 Fighting
 + Level 3.2 Dodging
 + Level 2.8 Stealth
 * Level 5.6 Unarmed Combat


You had 4 spell levels left.
You didn't know any spells.
Your spell library was empty.

Dungeon Overview and Level Annotations

Branches:
Dungeon (4/15)
 Temple: D:4-7

Altars:
Ru
Vehumet


Innate Abilities, Weirdness & Mutations

Your body is rotting away.
You thrive on raw meat.
You are immune to poison.
You have sharp fingernails.
You are carnivorous and can eat meat at any time.
Your flesh is cold resistant. (rC+)
You are immune to negative energy. (rN+++)
You do not regenerate when monsters are visible.
You are immune to unholy pain and torment.
You can survive without breathing.


Message History

The orc wizard casts a cantrip, but nothing happens.
The orc hits you with a +0 short sword.
* * * LOW HITPOINT WARNING * * *
The orc wizard gestures wildly while chanting.
The orc wizard seems to speed up.
The orc wizard looks braver for a moment.
The orc wizard casts a spell at you. The puff of frost misses you.
The orc wizard gestures at you while chanting.
The magic dart hits you.
* * * LOW HITPOINT WARNING * * *
The orc yells loudly.
The orc wizard gestures at you while chanting.
The puff of flame misses you.
You barely miss the orc wizard.
The orc wizard points at you and mumbles some strange words.
The puff of frost hits you. You resist.
* * * LOW HITPOINT WARNING * * *
The orc wizard hits you with a +0 dagger.
You die...

.....# #......#.# ##.###
#....#.#.# ...#
####.#o.....# ####
#.......#.###.# ##
######........# .#####
#o.##.##.# .....#
#........#
####.############o.##.#..#
###.............@.....#..#
.....############..........
###.#### #.....#.. #
.......# #........ ###.####
#.######. ### ###


You could see an orc wizard and 2 orcs.

Vanquished Creatures
  A phantom (D:4)
  3 adders
  2 oozes (D:2)
  A worm (D:2)
  A dart slug (D:3)
  7 orcs (D:3)
  3 giant cockroaches (D:3)
  2 goblins
  6 hobgoblins
  2 quokkas
  6 bats
  3 frilled lizards
  7 kobolds
  2 rats
46 creatures vanquished.

Notes
Turn   | Place    | Note
-------+----------+-------------------------------------------
     0 | D:1      | BlueFish the Ghoul Monk began the quest for the Orb.
     0 | D:1      | Reached XP level 1. HP: 19/19 MP: 0/0
   793 | D:2      | Reached XP level 2. HP: 26/26 MP: 1/1
  1034 | D:2      | Reached skill level 4 in Unarmed Combat
  1034 | D:2      | Reached XP level 3. HP: 23/31 MP: 2/2
  1367 | D:3      | Found a sacrificial altar of Ru.
  1480 | D:3      | Reached XP level 4. HP: 37/40 MP: 3/3
  1559 | D:3      | Found a radiant altar of Vehumet.
  2143 | D:4      | Noticed a phantom
  2190 | D:4      | Killed a phantom
  2190 | D:4      | Reached skill level 5 in Unarmed Combat
  2190 | D:4      | Reached XP level 5. HP: 5/46 MP: 4/4
  2474 | D:4      | HP: 1/46 [orc wizard/puff of frost (2)]
  2474 | D:4      | Slain by an orc wizard

Levels and vault maps discovered:
D:1:      dpeg_chamrin_arrival_tetris, layout_basic
D:2:      layout_basic
D:3:      layout_basic, vehumet_crystals, first_ration,
          nicolae_ru_great_annihilating_truth
D:4:      layout_basic, kennysheep_mini

Skill      XL: |  1  2  3  4 |
---------------+-------------+-----
Unarmed Combat | 4 5 |  5.6
Dodging        | 3 |  3.2
Fighting       | 4 |  4.1
Stealth        | |  2.8

Action                   |  1- 3 |  4- 6 || total
-------------------------+-------+-------++-------
Melee: Unarmed           |    86 |    77 ||   163
       Punch             |     1 |     1 ||     2
  Use: Scroll            |     6 |       ||     6
 Stab: Sleeping          |     2 |       ||     2
       Distracted        |     1 |       ||     1
       Paralysed         |     1 |       ||     1
  Eat: Chunk             |    10 |    10 ||    20
Armor: Robe              |    22 |     8 ||    30
Dodge: Dodged            |    55 |    41 ||    96

Table legend:
 A = Non-vault XP
 B = Vault XP
 C = Vault XP percentage of total XP
 D = Non-vault monster count
 E = Vault monster count
 F = Vault count percentage of total count
                 A         B        C        D         E       F
            +---------+---------+-------+---------+---------+-------
      Total |     243 |      18 |   6.9 |      42 |       4 |   8.7
            +---------+---------+-------+---------+---------+-------
        D:1 |       8 |       0 |   0.0 |       5 |       0 |   0.0
        D:2 |      43 |       0 |   0.0 |      12 |       0 |   0.0
        D:3 |      61 |      18 |  22.8 |      24 |       4 |  14.3
        D:4 |     131 |       0 |   0.0 |       1 |       0 |   0.0
            +---------+---------+-------+---------+---------+-------
